 Dungeon Sprint DCSS version 0.20.1-1-g8b1a95d (webtiles) character file.

4083 Lanoc the Unseen (level 10, 0/114 HPs)
             Began as an Octopode Assassin on Nov 29, 2017.
             Was a Believer of Dithmenos.
             Slain by a demonic crawler (7 damage)
             ... in the Dungeon (Sprint I: "Red Sonja").
             The game lasted 00:04:15 (1053 turns).

Lanoc the Unseen (Octopode Assassin)                Turns: 1053, Time: 00:04:17

Health: 0/114      AC:  1    Str: 15    XL:     10   Next: 25%
Magic:  10/10      EV: 20    Int: 14    God:    Dithmenos [**....]
Gold:   986        SH:  0    Dex: 17    Spells: 9/9 levels left

rFire    . . .     SeeInvis .   a - +2 dagger
rCold    . . .     Gourm    .   (no shield)
rNeg     . . .     Faith    .   (helmet restricted)
rPois    .         Spirit   .   (no amulet)
rElec    .         Reflect  .   (no ring)
rCorr    .         Harm     .   (no ring)
MR       .....     NoTele   +   (no ring)
Stlth    ..........             (no ring)
Regen    0.3/turn               (no ring)
MPRegen  0.2/turn               (no ring)
                                (no ring)
                                (no ring)

@: berserking, wreathed by umbra, very quick
A: almost no armour, stealthy swim, amphibious, 8 rings, constrict 8, camouflage
1, gelatinous body 1
a: Shadow Step, Renounce Religion


You were in the Dungeon.
You worshipped Dithmenos.
Dithmenos was pleased with you.
You were not hungry.

You visited 1 branch You collected 986 gold pieces.

Inventory:

Hand Weapons
 a - a +2 dagger (weapon)
 b - a +0 blowgun
Missiles
 c - 8 poisoned needles
 d - 9 curare-tipped needles
Wands
 l - a wand of digging (7/24)
 n - a wand of disintegration (6/24)
Scrolls
 k - a scroll of blinking
 o - a scroll of identify {unknown}
Potions
 e - 4 potions of curing
 g - a potion of heal wounds
 h - a potion of haste
 i - 2 potions of magic
 m - 2 potions of agility {unknown}
Comestibles
 f - 2 bread rations


   Skills:
 + Level 9.9 Fighting
 * Level 13.5 Short Blades
 - Level 2.0 Throwing
 + Level 9.7 Dodging
 * Level 18.5 Stealth


You had 9 spell levels left.
You didn't know any spells.

Dungeon Overview and Level Annotations

Branches:
Dungeon (1/1)

Altars:
Cheibriados
Dithmenos
Elyvilon
Fedhas
Gozag
Hepliaklqana
Kikubaaqudgha
Makhleb
Nemelex Xobeh
Okawaru
Qazlal
Ru
Sif Muna
Trog
Uskayaw
Vehumet
Xom
Yredelemnul
Zin
The Shining One
Jiyva
Lugonu

Shops:
D !*[

Annotations:
D exclusion: oklob plant


Innate Abilities, Weirdness & Mutations

You cannot wear most types of armour.
You are very stealthy in the water. (Stealth+)
You are amphibious.
You can wear up to eight rings at the same time.
You can use your tentacles to constrict eight enemies at once.
Your skin changes colour to match your surroundings (Stealth+).
Your rubbery body absorbs attacks. (AC +1, EV +1)


Message History

You kill the demonic crawler!
Dithmenos accepts your kill. The demonic crawler hits you!
* * * LOW HITPOINT WARNING * * *
The demonic crawler misses you. The demonic crawler barely misses you.
You hit the demonic crawler.
The demonic crawler is lightly wounded.
You puncture the demonic crawler! You squeeze the demonic crawler.
The demonic crawler is moderately wounded.
You hit the demonic crawler.
The demonic crawler is moderately wounded.
You hit the demonic crawler. You squeeze the demonic crawler!
The demonic crawler is heavily wounded.
The demonic crawler barely misses you. The demonic crawler misses you.
The demonic crawler barely misses you.
You hit the demonic crawler but do no damage.
Your squeeze misses the demonic crawler.
The demonic crawler is heavily wounded.
The demonic crawler closely misses you. The demonic crawler hits you!
You die...

##################
.#.)'..#__#..'..)#
)'..#..'^.'..#..s##+#
'#####'#__####[.@ss.#
.#...#.####..#####..+
##..##.#§§§§§#..# ##
_##'#..'§§§.§'..#
..'..._#≈§§§§#..#
_##_.#'##§#####'#
_###'#.#.[..###P+
####.####'###.###
..'...'.....'.∩#


You could see 3 demonic crawlers.

Vanquished Creatures
  2 centaur warriors (D)
  Sonja (D)
  A deep troll (D)
  2 kobold demonologists (D)
  A demonic crawler (D)
  A hornet (D)
  A slime creature (D)
  Sigmund (D)
  A yak (D)
  A floating eye (D)
  An ogre (D)
  A jelly (D)
  Ijyb (D)
  2 ballistomycetes (D)
17 creatures vanquished.

Vanquished Creatures (others)
  A gargoyle (D)
  2 hornets (D)
  2 ballistomycete spores (D)
5 creatures vanquished.

Grand Total: 22 creatures vanquished

Notes
Turn   | Place    | Note
-------+----------+-------------------------------------------
     0 | D        | Lanoc the Octopode Assassin began the quest for the Orb.
     0 | D        | Reached XP level 1. HP: 14/14 MP: 1/1
     2 | D        | Noticed Ijyb
     7 | D        | Killed Ijyb
     7 | D        | Reached skill level 7 in Stealth
     7 | D        | Reached XP level 2. HP: 20/20 MP: 2/2
     7 | D        | Reached XP level 3. HP: 25/25 MP: 3/3
    12 | D        | Noticed an ogre
    15 | D        | Killed an ogre
    15 | D        | Reached skill level 5 in Short Blades
    15 | D        | Reached skill level 9 in Stealth
    15 | D        | Reached XP level 4. HP: 33/33 MP: 4/4
    24 | D        | Noticed Sigmund
    34 | D        | Killed Sigmund
    34 | D        | Reached skill level 5 in Fighting
    34 | D        | Reached skill level 5 in Dodging
    34 | D        | Reached skill level 11 in Stealth
    34 | D        | Reached XP level 5. HP: 23/39 MP: 5/5
    34 | D        | Reached XP level 6. HP: 27/45 MP: 6/6
   162 | D        | Found a deep blue altar of Sif Muna.
   164 | D        | Found a radiant altar of Vehumet.
   194 | D        | Found Leqaulif's Assorted Antiques.
   194 | D        | Found an ancient bone altar of Kikubaaqudgha.
   194 | D        | Found a hazy altar of Hepliaklqana.
   194 | D        | Found a stormy altar of Qazlal.
   194 | D        | Found a hide-covered altar of Uskayaw.
   194 | D        | Found a blossoming altar of Fedhas.
   194 | D        | Found a bloodstained altar of Trog.
   194 | D        | Found an iron altar of Okawaru.
   194 | D        | Found a basalt altar of Yredelemnul.
   194 | D        | Found a glowing golden altar of the Shining One.
   194 | D        | Found a snail-covered altar of Cheibriados.
   194 | D        | Found a sacrificial altar of Ru.
   194 | D        | Found a glowing silver altar of Zin.
   194 | D        | Found a shadowy altar of Dithmenos.
   194 | D        | Found a white marble altar of Elyvilon.
   194 | D        | Noticed a yak
   195 | D        | Found an opulent altar of Gozag.
   196 | D        | Killed a yak
   196 | D        | Reached skill level 12 in Stealth
   196 | D        | Reached XP level 7. HP: 52/52 MP: 7/7
   197 | D        | Found a sparkling altar of Nemelex Xobeh.
   203 | D        | Became a worshipper of Dithmenos the Shadowed
   213 | D        | Noticed Sonja
   217 | D        | Killed Sonja
   217 | D        | Reached skill level 10 in Short Blades
   217 | D        | Reached skill level 14 in Stealth
   217 | D        | Reached XP level 8. HP: 60/60 MP: 8/8
   244 | D        | Found a viscous altar of Jiyva.
   244 | D        | Found a corrupted altar of Lugonu.
   244 | D        | Noticed a slime creature
   245 | D        | Found a burning altar of Makhleb.
   245 | D        | Found a shimmering altar of Xom.
   247 | D        | Killed a slime creature
   247 | D        | Reached skill level 15 in Stealth
   259 | D        | Noticed a kobold demonologist
   260 | D        | Noticed a kobold demonologist
   262 | D        | Killed a kobold demonologist
   262 | D        | Reached * piety under Dithmenos
   264 | D        | Killed a kobold demonologist
   264 | D        | Reached skill level 16 in Stealth
   264 | D        | Reached XP level 9. HP: 66/66 MP: 9/9
   264 | D        | Paralysed by a floating eye for 2 turns
   299 | D        | Noticed a deep troll
   303 | D        | Killed a deep troll
   303 | D        | Reached ** piety under Dithmenos
   328 | D        | Noticed a centaur warrior
   328 | D        | Noticed a centaur warrior
   330 | D        | Killed a centaur warrior
   330 | D        | Reached skill level 17 in Stealth
   332 | D        | Killed a centaur warrior
   332 | D        | Reached skill level 18 in Stealth
   332 | D        | Reached XP level 10. HP: 75/75 MP: 10/10
   353 | D        | Noticed an oklob plant
   355 | D        | HP: 1/76 [acid (13)]
   780 | D        | Killed a gargoyle
   972 | D        | Found Limnups's Distillery.
   998 | D        | Found Oteugh's Armour Emporium.
  1053 | D        | Slain by a demonic crawler

Skill      XL: |  1  2  3  4  5  6  7  8  9 |
---------------+----------------------------+-----
Short Blades   | 3 5 7 8 10 11 13 | 13.5
Dodging        | 2 3 5 7 8 9 |  9.7
Stealth        | 7 9 11 12 14 16 18 | 18.5
Fighting       | 4 5 6 7 8 9 |  9.9
Throwing       | |  2.0

Action                   |  1- 3 |  4- 6 |  7- 9 | 10-12 || total
-------------------------+-------+-------+-------+-------++-------
Melee: Dagger            |     5 |     7 |     9 |    28 ||    49
       Tentacles         |     1 |     1 |     1 |    10 ||    13
       Constrict         |     1 |     1 |     1 |     2 ||     5
  Use: Potion            |       |       |       |     1 ||     1
 Stab: Sleeping          |     2 |     2 |     7 |     1 ||    12
Armor: Skin              |     1 |       |     1 |       ||     2
Dodge: Dodged            |     1 |     3 |       |    37 ||    41
